Map: Jagannatha LE

Players

Massa - Winner!

  • Race: Terran Terran
  • League: Platinum
  • Spawn Location: 7:00

Chumbo

  • Race: Terran Terran
  • League: Platinum
  • Spawn Location: 1:00

VOD

Have the link to the VOD?

Description

Time

  • Played on: Nov. 2, 2020, 9:53 a.m.
  • Length: 35:16
Show
View Real Time Build Order
Export as new Build Order

Massa Terran - Winner!

Build Orders: Reaper Expand 

Get SALT Encoding   

  12  0:00  SCV  
  13  0:12  SCV  
  14  0:19  Supply Depot  
  14  0:24  SCV  
  15  0:40  SCV  
  15  0:42  Barracks  
  16  0:49  Refinery  
  16  0:52  SCV  
  17  1:05  SCV  
  18  1:17  SCV  
  19  1:32  Orbital Command  
  19  1:34  Reaper  
  20  1:45  Command Center  
  20  2:02  SCV  
  20  2:05  Marine  
  22  2:16  SCV  
  23  2:25  Supply Depot  
  23  2:28  Barracks Reactor  
  23  2:30  Factory  
  23  2:40  Engineering Bay  
  23  2:41  Refinery  
  23  2:46  SCV  
  24  2:58  SCV  
  24  3:00  Barracks  
  24  3:02  Barracks  
  24  3:04  Marine  
  24  3:05  Marine  
  26  3:21  Missile Turret  
  26  3:22  Marine  
  26  3:25  Factory Tech Lab  
  27  3:34  Orbital Command  
  27  3:35  Supply Depot  
  27  3:37  SCV  
  28  3:50  SCV, Barracks Tech Lab  
  28  3:52  Barracks Reactor  
  29  3:58  Siege Tank  
  29  4:01  SCV  
  33  4:04  SCV  
  34  4:13  SCV  
  34  4:14  Starport  
  35  4:20  Stimpack  
  35  4:23  Marine x3  
  38  4:26  SCV  
  38  4:27  SCV  
  40  4:38  SCV  
  41  4:39  SCV  
  42  4:45  Missile Turret  
  42  4:46  Missile Turret  
  42  4:49  Missile Turret  
  42  4:50  SCV  
  42  4:51  SCV  
  44  4:53  Marine x2  
  44  4:54  Marauder, Marine x2  
  50  5:00  Missile Turret  
  50  5:01  Terran Infantry Weapons Level 1  
  50  5:11  Medivac  
  52  5:17  SCV x2  
  54  5:31  Command Center  
  54  5:35  Supply Depot  
  54  5:37  Supply Depot  
  54  5:40  Supply Depot  
  54  5:42  Supply Depot  
  54  5:52  Refinery  
  54  5:54  Refinery  
  54  5:56  SCV x2  
  54  5:57  Marauder  
  58  5:58  Liberator  
  61  6:08  SCV x2  
  63  6:20  Siege Tank  
  66  6:30  Marauder, Marine x3  
  66  6:31  Marine  
  72  6:45  Orbital Command  
  72  6:48  Marine x4  
  72  6:52  Marauder  
  78  6:56  Terran Infantry Armor Level 1  
  78  6:58  Combat Shield  
  78  7:03  Viking  
  78  7:06  SCV x2, Marine x4  
  86  7:13  Marauder  
  88  7:18  SCV x2  
  88  7:20  Orbital Command  
  90  7:34  Marauder  
  82  7:44  Marine x2  
  82  7:45  Marine x2  
  82  7:51  SCV x3  
  88  7:56  Marauder  
  91  8:02  Marine x2  
  91  8:03  SCV x2  
  91  8:05  Cyclone  
  98  8:17  Concussive Shells  
  98  8:26  Supply Depot  
  98  8:27  Supply Depot x2  
  98  8:28  Supply Depot  
  98  8:29  Supply Depot  
  98  8:32  Missile Turret  
  97  8:50  Marauder, Marine x4, Viking  
  99  9:08  Marine x4  
  97  9:11  Marine  
  97  9:15  Orbital Command  
  93  9:26  Marine x3  
  93  9:28  Missile Turret  
  93  9:29  Missile Turret  
  93  9:30  Missile Turret  
  96  9:31  Missile Turret  
  96  9:35  Starport Reactor, Missile Turret  
  96  9:36  Marine x2  
  98  9:39  Cyclone  
  98  9:44  Marine x3  
  104  9:50  Missile Turret  
  104  9:52  Missile Turret  
  104  9:55  Missile Turret  
  104  9:56  Command Center  
  104  10:05  Missile Turret  
  104  10:10  Missile Turret  
  104  10:11  Cyclone, Missile Turret  
  104  10:13  Hi-Sec Auto Tracking  
  107  10:16  SCV  
  108  10:28  Mag-Field Accelerator  
  108  10:29  SCV  
  109  10:40  Missile Turret  
  109  10:43  Sensor Tower  
  109  10:49  Supply Depot  
  109  10:50  Supply Depot x2  
  109  11:05  Supply Depot  
  109  11:07  Viking x2, Supply Depot  
  109  11:08  SCV x3  
  116  11:12  Orbital Command, Missile Turret  
  116  11:13  Missile Turret  
  116  11:20  SCV x3  
  116  11:22  Refinery  
  116  11:23  Refinery  
  119  11:25  Armory  
  119  11:26  Neosteel Armor  
  119  11:32  SCV x3, Missile Turret, Supply Depot  
  121  11:35  Missile Turret  
  121  11:44  SCV x3  
  102  12:22  SCV x4  
  102  12:28  Missile Turret  
  102  12:29  Missile Turret  
  102  12:31  Missile Turret  
  102  12:33  Missile Turret x2  
  102  12:34  SCV x3, Viking x2  
  112  12:45  Cyclone  
  112  12:47  Marauder, Marine  
  112  12:48  Marine x3  
  118  12:57  SCV x2  
  118  12:58  SCV x2  
  122  13:04  Viking x2  
  122  13:05  Marine x4  
  127  13:08  Marauder  
  127  13:09  SCV x2  
  127  13:10  SCV x2  
  136  13:17  Cyclone  
  139  13:23  Marine x4  
  143  13:30  Marauder  
  145  13:34  Viking x2  
  145  13:41  Marine x3  
  96  14:04  Viking  
  87  14:21  Viking  
  87  14:22  Marauder, Marine  
  87  14:23  Marine x3  
  95  14:25  Cyclone  
  98  14:31  Barracks  
  98  14:33  Barracks x2  
  98  14:34  Barracks, Missile Turret, Viking  
  98  14:36  Missile Turret  
  100  14:40  Marine x2  
  100  14:41  Marine x2  
  100  14:44  Terran Infantry Weapons Level 2, Marauder  
  106  14:46  Engineering Bay  
  106  14:47  Terran Vehicle And Ship Armor Level 1  
  106  14:51  Command Center, Viking  
  108  14:57  Cyclone  
  108  14:58  Marine x2  
  108  14:59  Marine x2  
  115  15:00  Factory  
  115  15:01  Factory  
  115  15:02  Factory  
  115  15:05  Marine  
  115  15:06  Medivac  
  118  15:12  Terran Infantry Armor Level 2  
  118  15:13  Starport  
  118  15:16  Marine x2  
  120  15:21  Medivac  
  122  15:30  Cyclone  
  125  15:36  Medivac  
  127  15:59  Marauder, Marine  
  127  16:00  Marine x3  
  127  16:02  Barracks Tech Lab  
  127  16:03  Barracks Reactor x3  
  133  16:06  Factory Tech Lab x3  
  133  16:09  Widow Mine  
  135  16:17  Marine  
  135  16:18  Marine x3  
  139  16:21  Marauder  
  141  16:30  Widow Mine  
  141  16:35  Marine x4  
  143  16:42  Marine  
  136  16:51  Viking x3  
  136  16:53  Marine x2  
  135  16:57  Thor x3  
  144  17:27  Missile Turret  
  144  17:28  Missile Turret  
  144  17:29  Missile Turret x3  
  144  17:30  Missile Turret  
  144  17:31  Missile Turret  
  144  17:41  Smart Servos  
  144  17:50  Missile Turret  
  144  17:51  Missile Turret  
  144  17:53  Missile Turret x2  
  144  17:55  Supply Depot  
  144  17:56  Supply Depot  
  119  18:17  Marine x4  
  119  18:18  Marauder x2  
  124  18:28  Command Center  
  121  18:39  Orbital Command  
  121  18:56  Missile Turret  
  121  19:00  Command Center  
  121  19:02  Factory Tech Lab  
  121  19:13  Supply Depot  
  121  19:17  Missile Turret  
  121  19:21  Marauder, Marine x2  
  121  19:22  Starport Reactor  
  125  19:34  Marine x2  
  125  19:35  SCV, Marauder, Siege Tank  
  125  19:38  Missile Turret  
  133  19:39  Marine x6, Viking x2  
  133  19:40  SCV x2, Siege Tank  
  148  19:45  Orbital Command  
  148  19:59  Missile Turret  
  148  20:02  Supply Depot x2  
  148  20:11  Marine x2, Thor  
  148  20:12  SCV x2, Marauder, Siege Tank  
  163  20:17  Missile Turret  
  163  20:19  Missile Turret  
  163  20:21  Orbital Command  
  163  20:23  Thor  
  163  20:24  SCV x2, Marauder  
  171  20:41  Missile Turret  
  171  20:44  Siege Tank  
  171  20:45  Marauder  
  171  20:46  SCV x3  
  179  20:58  SCV x3  
  179  21:01  Missile Turret  
  179  21:11  Missile Turret x3  
  179  21:12  Missile Turret  
  179  21:13  Missile Turret  
  179  21:15  Missile Turret  
  179  21:16  Missile Turret  
  179  21:22  Missile Turret  
  172  21:35  Missile Turret  
  172  21:40  Missile Turret  
  170  21:53  Marine  
  164  21:55  Marine x2  
  164  21:56  SCV, Marine x3  
  164  21:57  Marine x4  
  164  21:58  SCV x2, Marine x2  
  153  22:04  Command Center  
  147  22:10  SCV  
  147  22:11  Marine  
  147  22:13  Marine x2  
  147  22:14  Marine x3  
  147  22:15  Marine x4  
  135  22:16  Marine x2  
  126  22:29  Marine  
  109  23:01  Missile Turret  
  109  23:02  Missile Turret  
  109  23:03  Missile Turret x3  
  109  23:04  Command Center, Missile Turret x2  
  109  23:05  Missile Turret  
  109  23:06  Missile Turret x2  
  109  23:08  Missile Turret  
  109  23:09  Missile Turret  
  65  24:07  Marine  
  65  24:08  Marine x9  
  74  24:13  Viking  
  75  24:18  Orbital Command  
  75  24:21  Missile Turret  
  67  24:25  Marine  
  67  24:26  Marine x9  
  68  24:42  Missile Turret  
  68  24:43  Marine  
  68  24:44  Marine  
  70  24:52  Marauder, Marine x3  
  75  24:53  Marauder  
  75  24:57  Viking x2  
  81  25:27  Refinery, Command Center  
  81  25:29  Refinery  
  80  25:45  Terran Infantry Weapons Level 3  
  69  26:24  Factory  
  69  26:25  Command Center  
  69  26:27  Factory  
  69  26:28  Viking  
  63  26:52  Viking x2  
  67  26:56  Viking  
  69  27:22  Viking x2  
  73  28:01  Factory  
  73  28:02  Factory  
  72  28:15  Viking  
  72  28:16  Viking x3  
  72  28:19  Terran Ship Weapons Level 1  
  80  28:36  Factory  
  80  28:45  Viking  
  82  28:49  Medivac x3  
  62  30:14  Factory Tech Lab  
  60  30:28  Factory Tech Lab  
  60  30:30  Missile Turret x2  
  60  30:31  Factory Tech Lab, Missile Turret  
  60  30:38  Thor  
  66  30:51  Missile Turret  
  66  30:53  Command Center, Missile Turret  
  60  31:07  Marauder, Marine x2  
  64  31:13  Marine  
  58  32:31  SCV  
  59  32:43  SCV  
  60  32:47  Command Center  
  59  33:01  Missile Turret  
  58  33:30  Siege Tank x2  
  58  33:33  Thor  
  69  34:02  SCV  
  70  34:06  SCV  
  71  34:14  SCV  
  72  34:18  SCV  
  73  34:26  SCV  
  73  34:31  SCV  
  75  34:38  SCV  
  75  34:43  SCV  
  75  34:44  Missile Turret  
  77  34:47  Missile Turret  
  77  34:50  SCV  
  73  35:06  Missile Turret  
  64  35:09  Missile Turret  
Show
View Real Time Build Order
Export as new Build Order

Chumbo Terran 

Build Orders:  

Get SALT Encoding   

  12  0:01  SCV  
  13  0:14  SCV  
  14  0:35  Supply Depot  
  14  0:37  Refinery, SCV  
  15  0:57  SCV  
  16  0:58  Barracks  
  16  1:04  Supply Depot  
  16  1:09  SCV  
  17  1:21  SCV  
  18  1:33  SCV  
  19  1:45  SCV  
  20  1:55  Factory  
  20  1:57  Marine  
  21  2:02  SCV  
  22  2:19  Command Center  
  22  2:22  Marine  
  23  2:25  SCV  
  23  2:28  Refinery  
  24  2:39  Factory Tech Lab  
  24  2:40  Marine  
  24  2:41  Engineering Bay  
  25  2:45  SCV  
  26  2:57  Siege Tank  
  29  3:03  SCV  
  30  3:09  Supply Depot  
  30  3:23  Orbital Command  
  30  3:36  Missile Turret  
  30  3:49  Missile Turret  
  30  3:50  SCV  
  30  3:52  Missile Turret  
  30  3:53  Planetary Fortress  
  31  4:02  SCV, Missile Turret  
  32  4:15  Missile Turret  
  32  4:19  Missile Turret  
  32  4:26  Missile Turret  
  32  4:31  Missile Turret  
  32  4:33  Missile Turret  
  32  4:40  SCV  
  32  4:44  SCV  
  34  4:51  Refinery  
  34  4:53  Refinery  
  34  4:55  SCV, Missile Turret  
  34  4:58  SCV  
  36  5:10  Starport  
  36  5:17  Starport, SCV  
  36  5:19  SCV  
  38  5:31  SCV  
  39  5:37  SCV  
  40  5:44  SCV  
  41  5:52  Fusion Core  
  41  5:54  Starport Tech Lab x2  
  41  6:04  SCV  
  41  6:06  SCV  
  41  6:10  Hi-Sec Auto Tracking  
  43  6:17  SCV  
  43  6:18  SCV  
  45  6:29  SCV  
  45  6:30  SCV  
  47  6:40  Armory  
  47  6:42  Supply Depot, Battlecruiser  
  53  6:49  Battlecruiser  
  59  7:00  Widow Mine  
  61  7:03  Cloaking Field  
  61  7:07  Neosteel Armor  
  61  7:17  Command Center  
  61  7:18  SCV  
  61  7:20  SCV  
  61  7:22  Widow Mine  
  65  7:26  Weapon Refit  
  65  7:28  Supply Depot  
  65  7:32  SCV  
  66  7:41  Terran Ship Weapons Level 1  
  66  8:00  Starport  
  66  8:31  Battlecruiser x2  
  72  9:20  Planetary Fortress  
  72  9:23  Starport Tech Lab  
  66  9:36  Widow Mine  
  68  9:40  Battlecruiser  
  68  9:42  Missile Turret  
  68  9:44  Refinery, Terran Ship Weapons Level 2, Missile Turret  
  74  9:45  Missile Turret  
  74  9:46  Refinery  
  74  9:47  Missile Turret x2  
  74  9:49  Starport  
  74  9:50  SCV  
  75  9:54  SCV  
  75  9:58  Widow Mine, SCV  
  79  10:02  SCV  
  79  10:06  Drilling Claws, SCV  
  81  10:10  SCV  
  82  10:14  SCV  
  82  10:18  SCV  
  82  10:19  Widow Mine  
  86  10:22  SCV  
  86  10:26  SCV  
  88  10:30  SCV  
  88  10:34  SCV  
  90  10:37  Starport Tech Lab  
  90  10:38  SCV  
  90  10:42  SCV  
  92  10:46  SCV  
  92  10:49  Banshee x3, Supply Depot  
  102  10:53  Supply Depot  
  102  10:57  Banshee  
  105  11:13  Command Center  
  105  11:18  Missile Turret  
  105  11:19  Missile Turret  
  105  11:20  Missile Turret  
  105  11:23  Missile Turret  
  105  11:27  Supply Depot  
  105  11:40  Refinery, Missile Turret  
  105  11:42  Missile Turret  
  105  11:43  Refinery  
  105  11:49  Supply Depot  
  85  12:23  Battlecruiser x2  
  85  12:24  Battlecruiser x2  
  85  12:27  Planetary Fortress  
  109  12:36  Terran Ship Weapons Level 3  
  109  12:44  Starport  
  109  12:50  Starport  
  109  12:58  SCV  
  110  13:10  SCV  
  110  13:11  SCV  
  111  13:22  Supply Depot  
  111  13:23  SCV  
  112  13:28  Battlecruiser  
  118  13:35  SCV  
  119  13:45  Supply Depot  
  119  13:47  SCV  
  105  14:23  Command Center  
  105  14:26  Missile Turret x2  
  105  14:33  Battlecruiser x3  
  105  14:35  Starport Tech Lab  
  105  14:37  Battlecruiser  
  129  14:41  Command Center  
  129  14:43  Supply Depot  
  129  15:00  SCV  
  130  15:09  Supply Depot  
  130  15:12  SCV  
  130  15:13  Starport Tech Lab  
  131  15:16  Viking  
  131  15:18  Missile Turret  
  131  15:21  Terran Vehicle Weapons Level 1  
  133  15:24  SCV  
  134  15:37  SCV  
  135  15:44  Viking x3  
  135  15:48  Viking  
  135  15:49  SCV  
  144  16:02  Planetary Fortress  
  144  16:09  Refinery  
  144  16:10  Refinery  
  144  16:17  Missile Turret  
  144  16:19  Missile Turret  
  140  16:35  Viking x2  
  140  16:36  Viking  
  137  16:42  Missile Turret  
  130  17:35  SCV  
  131  17:40  SCV  
  132  17:47  SCV  
  132  17:49  Command Center  
  133  17:52  SCV  
  128  17:59  SCV  
  128  18:04  SCV  
  114  18:11  SCV  
  99  18:16  SCV  
  94  18:23  SCV  
  89  18:29  SCV  
  89  18:32  Battlecruiser x4  
  102  18:49  Battlecruiser  
  102  18:50  Battlecruiser  
  114  18:58  SCV  
  115  19:10  SCV  
  116  19:20  Widow Mine  
  116  19:22  SCV  
  116  19:23  Command Center  
  119  19:30  Smart Servos  
  119  19:34  SCV  
  119  19:38  Terran Vehicle And Ship Armor Level 1  
  120  19:42  Widow Mine  
  120  19:43  Battlecruiser  
  128  19:46  SCV  
  129  19:55  Battlecruiser  
  129  19:56  Battlecruiser  
  141  20:03  Battlecruiser  
  147  20:13  Widow Mine  
  149  20:17  Battlecruiser  
  155  20:34  Widow Mine  
  155  20:47  Viking x2  
  159  20:56  Widow Mine  
  161  20:59  Viking  
  161  21:00  Viking  
  165  21:07  Viking  
  167  21:17  Viking x2  
  171  21:19  Planetary Fortress  
  171  21:21  Viking  
  170  21:29  Viking  
  170  21:30  Viking  
  107  22:59  Battlecruiser x3  
  125  23:06  SCV  
  126  23:18  SCV  
  127  23:31  SCV  
  112  23:45  Banshee x3  
  112  24:58  SCV  
  113  25:27  SCV  
  114  25:39  SCV  
  113  26:10  SCV  
  114  26:22  SCV  
  114  26:23  Refinery  
  115  26:29  Refinery  
  115  26:34  SCV  
  116  26:46  SCV  
  117  27:14  Missile Turret  
  117  27:23  Command Center  
  117  27:35  Missile Turret  
  103  27:56  Missile Turret  
  103  28:18  Missile Turret  
  103  28:26  Banshee  
  106  28:39  Command Center, Missile Turret  
  106  28:56  Hyperflight Rotors  
  70  30:25  SCV  
  71  30:37  SCV  
  72  30:49  SCV  
  73  31:01  SCV  
  74  31:10  SCV  
  75  31:13  SCV  
  75  31:15  SCV  
  77  31:22  SCV  
  77  31:25  SCV, Planetary Fortress  
  79  31:27  SCV  
  80  31:34  SCV  
  80  31:39  SCV  
  82  31:46  SCV  
  83  31:51  SCV  
  84  31:56  Command Center  
  84  31:59  SCV  
  85  32:03  SCV  
  75  32:26  Missile Turret  
  75  32:27  Missile Turret  
  75  32:29  Widow Mine  
  77  32:31  SCV, Missile Turret  
  77  32:33  Missile Turret  
  78  32:43  SCV  
  79  32:47  Missile Turret  
  79  32:49  Refinery  
  79  32:50  Widow Mine  
  79  32:51  Refinery  
  81  32:55  SCV  
  82  33:07  SCV  
  80  33:19  SCV  
  81  33:35  Viking x3  
  81  33:36  Viking x3  
  93  33:47  SCV  
  92  34:00  SCV  
  93  34:05  Viking x2  
  97  34:12  SCV  
  98  34:24  SCV  
  99  34:36  SCV  
  99  34:37  Siege Tank  
  103  34:39  Missile Turret x2  
  103  34:40  Command Center, Missile Turret  
  103  34:42  Missile Turret x2  
  103  34:43  Refinery  
  103  34:45  Missile Turret  
  106  34:48  Refinery  
Tags
 
Matchup
TvT
Race
Terran
Replay Pack
Multiplayer
Spawn Locations
Cross Positions
Add a new tag
Caveats
  • Supply blocks, unpowered buildings, or Contaminate may cause inaccurate times.
  • Supply counts are checked every 10 seconds.